 Dungeon Crawl Stone Soup version 0.29.1-15-g9cfb28693d (webtiles) character file.

Game seed: 7786301998392922846

116 Arctor the Magician (level 4, -1/24 HPs)
             Began as a Deep Elf Hedge Wizard on Feb 26, 2023.
             Slain by a gnoll
             ... wielding a +2 spear of flaming
              (12 damage)
             ... on level 2 of the Dungeon.
             The game lasted 00:04:27 (3434 turns).

Arctor the Magician (Deep Elf Hedge Wizard)         Turns: 3434, Time: 00:04:27

Health: -1/24      AC:  3    Str:  7    XL:     4   Next: 70%
Magic:  8/13       EV: 13    Int: 21    God:
Gold:   105        SH:  0    Dex: 14    Spells: 6/13 levels left

rFire   . . .      SeeInvis .   a - +0 dagger
rCold   . . .      Faith    .   (no shield)
rNeg    . . .      Spirit   .   b - +0 robe
rPois   .          Reflect  .   c - +0 hat
rElec   .          Harm     .   (no cloak)
rCorr   .          Rampage  .   h - +0 pair of gloves
Will    .....                   (no boots)
Stlth   ++........              (no amulet)
HPRegen 0.08/turn               (no ring)
MPRegen 0.13/turn               (no ring)

@: no status effects
A: no striking features
a: no special abilities


You were on level 2 of the Dungeon.
You visited 1 branch of the dungeon, and saw 2 of its levels.

You collected 105 gold pieces.

Inventory:

Hand Weapons
 a - a +0 dagger (weapon)
Armour
 b - a +0 robe (worn)
 c - a +0 hat (worn)
 h - a +0 pair of gloves (worn)
Scrolls
 g - a scroll of brand weapon {unknown}
 k - a scroll of enchant weapon {unknown}
 l - 2 scrolls of identify {unknown}
 m - a scroll of teleportation {unknown}
Potions
 e - 2 potions of heal wounds
 i - a potion of lignification
 j - a potion of might {unknown}


   Skills:
 + Level 3.6 Dodging
 + Level 3.8 Stealth
 + Level 5.3 Spellcasting
 + Level 2.5 Conjurations
 - Level 1.1 Summonings
 - Level 1.2 Translocations


You had 6 spell levels left.
You knew the following spells:

 Your Spells              Type           Power      Damage    Failure   Level
a - Magic Dart            Conj           64%        1d6       3%          1
b - Conjure Flame         Conj/Fire      11%        6-21      19%         3
c - Mephitic Cloud        Conj/Pois/Air  9%         N/A       22%         3

Your spell library contained the following spells:

 Spells                   Type           Power      Damage    Failure   Level
 Blink                    Tloc           20%        N/A       10%         2
 Call Imp                 Summ           10%        N/A       10%         2
 Slow                     Hex            20%        N/A       11%         1


Dungeon Overview and Level Annotations

Branches:
Dungeon (2/15)

Altars:

Shops:
D:1 (   D:2 (


Message History

Confirm with . or Enter, or press ? or * to list all spells.
Aiming: Magic Dart (safe; 3% risk of failure)
Press: ? - help, Shift-Dir - straight line, f - gnoll
Aim: a gnoll, wielding a +2 spear of flaming and quivering stones (wandering, hasn't noticed you, 100% to hit)
The magic dart hits the gnoll but does no damage.
The gnoll shouts!
The gnoll throws a stone.
The stone closely misses you.
Casting: Magic Dart (safe; 3% risk of failure)
Confirm with . or Enter, or press ? or * to list all spells.
Aiming: Magic Dart (safe; 3% risk of failure)
Press: ? - help, Shift-Dir - straight line, f/p - gnoll
Aim: a gnoll, wielding a +2 spear of flaming and quivering stones (100% to hit)
The magic dart hits the gnoll.
The gnoll is lightly wounded.
Casting: Magic Dart (safe; 3% risk of failure)
Confirm with . or Enter, or press ? or * to list all spells.
Aiming: Magic Dart (safe; 3% risk of failure)
Press: ? - help, Shift-Dir - straight line, f/p - gnoll
Aim: a gnoll, wielding a +2 spear of flaming and quivering stones (lightly wounded, 100% to hit)
The magic dart hits the gnoll.
The gnoll is moderately wounded.
Casting: Magic Dart (safe; 3% risk of failure)
Confirm with . or Enter, or press ? or * to list all spells.
Aiming: Magic Dart (safe; 3% risk of failure)
Press: ? - help, Shift-Dir - straight line, f/p - gnoll
Aim: a gnoll, wielding a +2 spear of flaming and quivering stones (moderately wounded, 100% to hit)
The magic dart hits the gnoll but does no damage.
The gnoll is moderately wounded.
The gnoll hits you from afar with a +2 spear of flaming.
The gnoll burns you.
Casting: Magic Dart (safe; 3% risk of failure)
Confirm with . or Enter, or press ? or * to list all spells.
Aiming: Magic Dart (safe; 3% risk of failure)
Press: ? - help, Shift-Dir - straight line, f/p - gnoll
Aim: a gnoll, wielding a +2 spear of flaming and quivering stones (moderately wounded, 100% to hit)
The magic dart hits the gnoll.
The gnoll is heavily wounded.
The gnoll hits you from afar with a +2 spear of flaming!
Ouch! That really hurt!
You die...

..# ##.#...+ ##g'..#
.## #.#..### ##..##..
.# #####.###..#
##.#..#.. .#
#.....##..###
##.#..###g .#
##.########..#
##.#.....#.
.###.#.#### #..###
##.#.)#..###
....###...# ###..#
##.#..#.##..#
####.#.#.##
#..#####.#..#.##[.##
##.##.#
###@.##B#..#.#####..
####>#
#.)##.#..#.##..#..#
#.#
###g.#..#.##...###.
#.# #.....#.##..#..#..
#.# ###..#.##...##.###
#.# #..#.##..#..#..#.
#.# ##..##...##.##.##
+.##..#..#..#..'
######################


You could see a gnoll.

Vanquished Creatures
  3 gnolls (D:2)
  3 adders (D:2)
  A worm (D:2)
  A dart slug (D:1)
  4 endoplasms
  4 giant cockroaches
  6 hobgoblins
  3 kobolds (D:1)
  A quokka (D:2)
  7 ball pythons
  3 bats (D:1)
  6 frilled lizards
  8 goblins
  4 rats
54 creatures vanquished.

Notes
Turn   | Place    | Note
-------+----------+-------------------------------------------
     0 | D:1      | Arctor the Deep Elf Hedge Wizard began the quest for the
                  | Orb.
     0 | D:1      | Reached XP level 1. HP: 10/10 MP: 7/7
   345 | D:1      | Reached XP level 2. HP: 15/15 MP: 6/9
   419 | D:1      | Found Orea's Antique Weapon Shoppe.
  1174 | D:1      | Reached XP level 3. HP: 19/19 MP: 7/11
  1631 | D:1      | Learned a level 3 spell: Conjure Flame
  1635 | D:1      | Learned a level 3 spell: Mephitic Cloud
  1765 | D:2      | Reached skill level 5 in Spellcasting
  2419 | D:2      | Reached XP level 4. HP: 7/24 MP: 10/13
  2956 | D:2      | Found Eseyrchi's Antique Weapon Boutique.
  3434 | D:2      | Slain by a gnoll

Illustrated notes

Levels and vault maps discovered:
D:1:      amcnicky_arrival_wind_blow, layout_basic, serial_shops,
          nicolae_shop_window_shopping, nicolae_concentric_dashed_squares_wild,
          nicolae_figureground_sparkle
D:2:      minmay_razor_zed, layout_loops_ring, serial_shops,
          nicolae_shop_hallway_stairs, minmay_goblin_outpost

Skill      XL: |  1  2  3 |
---------------+----------+-----
Stealth        | 3 |  3.8
Dodging        | 3 |  3.6
Conjurations   | 2 |  2.5
Spellcasting   | 5 |  5.3
Summonings     | |  1.1
Translocations | |  1.2

Action                   |  1- 3 |  4- 6 || total
-------------------------+-------+-------++-------
Melee: Dagger            |     4 |     6 ||    10
 Cast: Magic Dart        |   118 |    60 ||   178
       Conjure Flame     |       |     5 ||     5
  Use: Potion            |       |     4 ||     4
Armor: Robe              |     8 |     3 ||    11
       Skin              |       |     8 ||     8
Dodge: Dodged            |    12 |    17 ||    29
